 Dungeon Crawl Stone Soup version 0.31.0-32-g396128a36d (webtiles) character file.

Game seed: 6572698198511039774

987 Peloso the Slasher (level 7, -3/61 HPs)
             Began as a Minotaur Fighter on Mar 28, 2024.
             Was a Believer of Okawaru.
             Slain by Duvessa
             ... wielding a +0 rapier
              (15 damage)
             ... on level 5 of the Dungeon.
             The game lasted 00:12:35 (4086 turns).

Peloso the Slasher (Minotaur Fighter)               Turns: 4086, Time: 00:12:36

Health: -3/61      AC:  7    Str: 20    XL:     7   Next: 97%
Magic:  6/6        EV: 10    Int:  5    God:    Okawaru [**....]
Gold:   262        SH:  5    Dex: 12    Spells: 6/6 levels left

rFire   . . .        a - +1 scimitar
rCold   . . .        d - +0 buckler
rNeg    . . .        b - +0 scale mail
rPois   .            (helmet currently unavailable)
rElec   .            c - melded +2 cloak
rCorr   .            (gloves currently unavailable)
SInv    .            (boots currently unavailable)
Will    .....        (no amulet) Stlth
                     (no ring)
HPRegen 0.30/turn    (no ring)
MPRegen 0.10/turn

%: no passive effects
@: mighty, beast-form
A: beast (slay +0), horns 2, retaliatory headbutt
a: Begin Untransformation, Renounce Religion, Heroism


You were on level 5 of the Dungeon.
You worshipped Okawaru.
Okawaru was pleased with you.
You were a hulking beast.
You visited 1 branch of the dungeon, and saw 5 of its levels.
You also visited: Sewer.

You collected 262 gold pieces.

Inventory:

Hand Weapons
 a - a +1 scimitar (weapon)
Armour
 b - a +0 scale mail (worn)
 c - a +2 cloak (melded)
 d - a +0 buckler (worn)
Talismans
 o - a serpent talisman
 r - a beast talisman (active)
Wands
 j - a wand of flame (14)
Scrolls
 e - a scroll of teleportation
 f - a scroll of fear
 h - a scroll of enchant weapon
 s - 2 scrolls of fog
Potions
 g - a potion of haste
 k - 3 potions of enlightenment
 l - a potion of cancellation
 m - a potion of lignification
 n - 4 potions of heal wounds
 q - 2 potions of degeneration {unknown}
 u - a potion of ambrosia {unknown}
 v - a potion of curing {unknown}


   Skills:
 + Level 5.4 Fighting
 + Level 7.8 Long Blades
 + Level 6.2 Armour
 + Level 1.3 Dodging
 + Level 0.6 Stealth
 + Level 5.0 Shields
 + Level 0.1 Invocations
 + Level 1.0 Shapeshifting


You had 6 spell levels left.
You didn't know any spells.
Your spell library contained the following spells:

 Spells                   Type           Power      Damage    Failure   Level
 Sting                    Conj/Alch      0%         1d3       86%         1
 Sublimation of Blood     Necr           0%         N/A       95%         2
 Passwall                 Erth           0%         N/A       99%         3
 Petrify                  Alch/Erth      0%         N/A       100%        4
 Alistair's Intoxication  Alch           0%         N/A       100%        5
 Irradiate                Conj/Alch      0%         3d11      100%        5


Dungeon Overview and Level Annotations

Branches:
Dungeon (5/15)              Sewer (visited)
 Temple: D:4-7

Altars:
Fedhas
Okawaru
Wu Jian
Xom

Annotations:
D:5 Duvessa


Innate Abilities, Weirdness & Mutations

You are a hulking beast.
Your limbs bulge with bestial killing power. (Slay +0)
You have a pair of horns on your head.
You reflexively headbutt those who attack you in melee.


Message History

Dowan is almost dead.
Dowan barely misses you.
Unknown command.
You slash Dowan!
You kill Dowan!
Okawaru accepts your kill.
Duvessa weeps, and shakes her weapon.
Duvessa goes berserk!
Your Shapeshifting skill increases to level 1!
Unknown command.
You slash the adder!
The adder is almost dead.
The adder bites you.
Unknown command.
You barely miss Duvessa. The adder completely misses you. Duvessa misses you.
You block the adder's attack. Duvessa hits you with a +0 rapier!
Unknown command.
You slash Duvessa!
Duvessa is moderately wounded.
Duvessa misses you. You block the adder's attack.
You hit Duvessa.
Duvessa is moderately wounded.
Duvessa misses you. You furiously retaliate!
You headbutt Duvessa! The adder barely misses you.
Duvessa hits you with a +0 rapier!!
You slash Duvessa!
Duvessa is severely wounded.
The adder bites you but does no damage. Duvessa hits you with a +0 rapier!
* * * LOW HITPOINT WARNING * * *
The adder bites you but does no damage.
You hit Duvessa.
Duvessa is severely wounded.
You block Duvessa's attack. The adder barely misses you.
You furiously retaliate!
You headbutt the adder!
You kill the adder!
Okawaru accepts your kill. Duvessa barely misses you.
You hit Duvessa but do no damage.
Duvessa is severely wounded.
Duvessa hits you with a +0 rapier!
You die...

.....##..#########
........
.................#
........
..<#.##..........#
........ #
#<.........# #
#.######
#.###.........#.#
..
#...............#
######...........
...........e......
......###.h.....#
...... ###).....=
..... .......
..... ....... ....
....... ....
....... #######


You could see Duvessa (berserk).

Vanquished Creatures
  Prince Ribbit (D:5)
  Menkaure (D:4)
  A black bear (D:4)
  3 kobold brigands
  Dowan (D:5)
  A hound (D:4)
  A jelly (D:5)
  An orc priest (D:4)
  An iguana (D:4)
  An orc wizard (D:4)
  A gnoll (D:1)
  7 adders
  A river rat (D:4)
  A shadow imp (D:5)
  A white imp (D:5)
  A dart slug (D:1)
  7 orcs
  7 ball pythons
  2 bats (D:1)
  12 endoplasms
  3 giant cockroaches
  7 goblins
  2 hobgoblins (D:1)
  2 jackals (Sewer)
  5 kobolds
  A quokka (D:2)
  4 frilled lizards
  10 rats
86 creatures vanquished.

Notes
Turn   | Place    | Note
-------+----------+-------------------------------------------
     0 | D:1      | Peloso the Minotaur Fighter began the quest for the Orb.
     0 | D:1      | Reached XP level 1. HP: 19/19 MP: 0/0
    92 | D:1      | Got the Omnibus of Venomous Earth
   137 | D:1      | Reached XP level 2. HP: 22/27 MP: 1/1
   283 | D:1      | You fall into a shaft and drop 1 floor!
   376 | D:2      | Reached XP level 3. HP: 33/33 MP: 2/2
   467 | D:2      | Reached skill level 3 in Long Blades
   918 | D:1      | Found a faded altar of an unknown god.
   918 | D:1      | Noticed a neqoxec
  1417 | D:3      | Found a faded altar of an unknown god.
  1417 | D:3      | Found a shimmering altar of Xom.
  1425 | D:3      | Found an ornate altar of the Wu Jian Council.
  1438 | D:3      | Found an iron altar of Okawaru.
  1440 | D:3      | Found a blossoming altar of Fedhas.
  1444 | D:3      | Became a worshipper of Warmaster Okawaru
  1523 | D:3      | Reached XP level 4. HP: 27/40 MP: 3/3
  1898 | D:3      | Reached skill level 4 in Long Blades
  2030 | D:4      | Noticed Menkaure
  2034 | D:4      | Killed Menkaure
  2034 | D:4      | Reached * piety under Okawaru
  2035 | D:4      | Reached skill level 5 in Long Blades
  2035 | D:4      | Reached XP level 5. HP: 25/47 MP: 4/4
  2201 | D:4      | Reached skill level 5 in Armour
  2201 | D:4      | Reached XP level 6. HP: 43/53 MP: 5/5
  2414 | D:4      | Found a glowing drain.
  2418 | Sewer    | Entered a sewer
  2534 | Sewer    | Reached skill level 6 in Long Blades
  2672 | Sewer    | Found a white marble altar of Elyvilon.
  3006 | D:4      | Reached skill level 5 in Fighting
  3006 | D:4      | Reached XP level 7. HP: 42/61 MP: 6/6
  3339 | D:4      | Reached skill level 7 in Long Blades
  3704 | D:5      | Entered Level 5 of the Dungeon
  3787 | D:5      | Noticed Prince Ribbit
  3826 | D:5      | Killed Prince Ribbit
  3827 | D:5      | Reached skill level 1 in Dodging
  3827 | D:5      | Reached skill level 5 in Shields
  4029 | D:5      | Reached ** piety under Okawaru
  4074 | D:5      | Noticed Dowan
  4075 | D:5      | Noticed Duvessa
  4079 | D:5      | Killed Dowan
  4080 | D:5      | Reached skill level 1 in Shapeshifting
  4086 | D:5      | Slain by Duvessa

Illustrated notes

Levels and vault maps discovered:
D:1:      minmay_arrival_nine_rooms, layout_basic,
          dreamdust_ecumenical_altar_sealed_demon
D:2:      layout_rooms, hangedman_decor_growths
D:3:      layout_basic, chequers_temple_overflow_minitemple
D:4:      layout_gridville, gup_sewer_entry_spiral, kennysheep_generic_room_8,
          uniq_menkaure
D:5:      layout_basic, mainiacjoe_overflow_catwalk,
          minmay_temple_entry_proselytizer, uniq_sigmund, uniq_blork_the_orc,
          uniq_duvessa, uniq_edmund, uniq_prince_ribbit1

Skill      XL: |  1  2  3  4  5  6  7 |
---------------+----------------------+-----
Fighting       | 4 5 |  5.4
Shields        | 4 5 |  5.0
Long Blades    | 3 5 6 7 |  7.8
Armour         | 4 5 6 |  6.2
Dodging        | 1 |  1.3
Shapeshifting  | 1 |  1.0
Stealth        | |  0.6
Invocations    | |  0.1

Action                     |  1- 3 |  4- 6 |  7- 9 || total
---------------------------+-------+-------+-------++-------
  Melee: Long sword        |    43 |       |       ||    43
         Headbutt          |     9 |    12 |     7 ||    28
         Scimitar          |    56 |    93 |    64 ||   213
 Invoke: Heroism           |       |     1 |       ||     1
    Use: Scroll            |       |    10 |     2 ||    12
         Potion            |       |     4 |     1 ||     5
 Armour: Scale mail        |    79 |    69 |    48 ||   196
         Skin              |       |     4 |       ||     4
  Dodge: Dodged            |    58 |    42 |    25 ||   125
  Block: Buckler           |    28 |    21 |    18 ||    67
   Form: Beast             |       |     1 |       ||     1
